 Dungeon Crawl Stone Soup version 0.22-a0-32-ga749362 (webtiles) character file.

1047 zxkuqyb the Cleaver (level 8, 0/105 HPs)
             Began as a Minotaur Berserker on Jan 4, 2018.
             Was an Elder of Trog.
             Killed by vampiric draining
             ... invoked by brevous's ghost
              (3 damage)
             ... on level 6 of the Dungeon.
             The game lasted 00:09:45 (3942 turns).

zxkuqyb the Cleaver (Minotaur Berserker)            Turns: 3942, Time: 00:09:45

Health: 0/105      AC:  7    Str: 30    XL:     8   Next: 5%
Magic:  7/7        EV: 13    Int:  4    God:    Trog [****..]
Gold:   330        SH:  0    Dex:  9    Spells: 7/7 levels left

rFire    . . .     SeeInvis .   a - +0 hand axe
rCold    . . .     Gourm    .   (no shield)
rNeg     . . .     Faith    .   i - +0 ring mail
rPois    .         Spirit   .   (helmet restricted)
rElec    .         Reflect  .   (no cloak)
rCorr    .         Harm     .   (no gloves)
MR       .....                  s - +0 pair of boots
Stlth    ..........             (no amulet)
HPRegen  0.27/turn              (no ring)
MPRegen  0.10/turn              (no ring)

@: berserking, lethally poisoned (0 -> -6), very quick
A: retaliatory headbutt, horns 2
a: Berserk, Trog's Hand, Brothers in Arms, Burn Spellbooks, Renounce Religion


You were on level 6 of the Dungeon.
You worshipped Trog.
Trog was greatly pleased with you.
You were very hungry.

You visited 1 branch of the dungeon, and saw 6 of its levels.

You collected 330 gold pieces.

Inventory:

Hand Weapons
 a - a +0 hand axe (weapon)
 t - the +1 mace of Death {flame, Int+6}
   (You found it on level 4 of the Dungeon)

   It has been specially enchanted to burn those struck by it, causing extra
   injury to most foes and up to half again as much damage against particularly
   susceptible opponents.
   It affects your intelligence (+6).
Armour
 b - a +0 animal skin
 i - a +0 ring mail (worn)
 s - a +0 pair of boots (worn)
Jewellery
 q - an uncursed amulet of rage
Wands
 g - a wand of iceblast (2)
 o - a wand of digging (11)
Scrolls
 h - a scroll of fear {unknown}
 j - a scroll of magic mapping {unknown}
 k - 2 scrolls of immolation {unknown}
 l - 2 scrolls of remove curse
 m - 2 scrolls of blinking
 n - 2 scrolls of fog
 p - 2 scrolls of teleportation
Potions
 d - 3 potions of curing
 e - 2 potions of haste
 f - 2 potions of cancellation
Comestibles
 c - 3 rations
 r - a chunk of flesh


   Skills:
 + Level 6.1 Fighting
 * Level 8.0 Axes
 + Level 5.6 Armour
 + Level 4.9 Dodging


You had 7 spell levels left.
You didn't know any spells.

Dungeon Overview and Level Annotations

Branches:
Dungeon (6/15)
 Temple: D:4-7

Altars:
Fedhas
Gozag
Makhleb
Ru
Sif Muna
Trog
Uskayaw
Vehumet
Zin

Annotations:
D:6 brevous's ghost, novice DDNe


Innate Abilities, Weirdness & Mutations

You reflexively headbutt those who attack you in melee.
You have a pair of horns on your head.


Message History

You closely miss brevous's ghost.
Brevous's ghost is almost destroyed.
You hit the plant but do no damage.
You feel sick.
Brevous's ghost hits you but does no damage.
You are lethally poisoned!
You completely miss brevous's ghost.
Brevous's ghost is almost destroyed.
You slash the plant!
You destroy the plant!
* * * LOW HITPOINT WARNING * * *
You feel sick.
You closely miss brevous's ghost. Your headbutt misses brevous's ghost.
Brevous's ghost is almost destroyed.
Brevous's ghost closely misses you.
You hit brevous's ghost but do no damage.
Brevous's ghost is almost destroyed.
* * * LOW HITPOINT WARNING * * *
You feel sick.
Brevous's ghost is infused with unholy energy.
You die...

#.# ### ####.# ..## ####
..#.# ###+###..# ....#
###.#.####.P...##.####....#
.........P..⌠....W......$..
...##.###....P..@#.....o...
....#.#.##_._._###.........
.........PP#.### #..o......
............#....#.........
.#.#........+.#+##.........
.#.#........### #.........
.#............ ..........
........####### ..........
######### ...........


You could see brevous's ghost.

Vanquished Creatures
  An ogre (D:4)
  A centaur (D:5)
  A bullfrog (D:6)
  3 crimson imps
  A bullfrog zombie (D:6)
  2 hounds
  2 orc priests
  A bullfrog skeleton (D:4)
  Ijyb (D:5)
  An iguana (D:4)
  6 orc wizards
  3 worker ants
  A howler monkey zombie (D:5)
  4 gnolls (D:2)
  7 adders
  A shadow imp (D:5)
  6 worms
  2 dart slugs
  3 leopard geckos
  18 orcs
  A ball python (D:3)
  3 giant cockroaches
  4 goblins
  4 hobgoblins
  4 jackals (D:5)
  4 quokkas
  8 bats
  6 frilled lizards
  9 kobolds
  4 rats
  A plant (D:6)
113 creatures vanquished.

Vanquished Creatures (others)
  2 orcs (D:6)
2 creatures vanquished.

Grand Total: 115 creatures vanquished

Notes
Turn   | Place    | Note
-------+----------+-------------------------------------------
     0 | D:1      | zxkuqyb the Minotaur Berserker began the quest for the Orb.
     0 | D:1      | Reached XP level 1. HP: 19/19 MP: 0/0
   395 | D:1      | Reached XP level 2. HP: 27/27 MP: 1/1
   476 | D:1      | Reached skill level 4 in Axes
  1076 | D:2      | Reached XP level 3. HP: 33/33 MP: 2/2
  1085 | D:2      | Reached ** piety under Trog
  1085 | D:2      | Reached XP level 4. HP: 40/40 MP: 3/3
  1356 | D:2      | Found a glowing silver altar of Zin.
  1357 | D:2      | Found an opulent altar of Gozag.
  1422 | D:3      | Reached skill level 5 in Axes
  1435 | D:3      | Reached XP level 5. HP: 17/47 MP: 4/4
  1799 | D:3      | Found a radiant altar of Vehumet.
  2487 | D:4      | Reached *** piety under Trog
  2490 | D:4      | Reached XP level 6. HP: 33/55 MP: 5/5
  2672 | D:4      | Reached skill level 6 in Axes
  2811 | D:4      | Reached skill level 5 in Fighting
  2934 | D:4      | Found a burning altar of Makhleb.
  2999 | D:4      | Reached XP level 7. HP: 50/61 MP: 6/6
  3160 | D:4      | Got a shimmering mace
  3161 | D:4      | Identified the cursed +1 mace of Death {flame, Int+6} (You found it on level 4 of the Dungeon)
  3236 | D:5      | Entered Level 5 of the Dungeon
  3283 | D:5      | Noticed Ijyb
  3294 | D:5      | Killed Ijyb
  3374 | D:5      | Reached skill level 7 in Axes
  3377 | D:5      | Found a hide-covered altar of Uskayaw.
  3391 | D:5      | Found a blossoming altar of Fedhas.
  3501 | D:5      | Reached skill level 5 in Armour
  3515 | D:5      | Reached **** piety under Trog
  3898 | D:6      | Found a deep blue altar of Sif Muna.
  3900 | D:6      | Found a bloodstained altar of Trog.
  3903 | D:6      | Found a sacrificial altar of Ru.
  3927 | D:6      | Reached XP level 8. HP: 32/70 MP: 7/7
  3930 | D:6      | Reached skill level 8 in Axes
  3933 | D:6      | Noticed brevous's ghost (novice DDNe)
  3937 | D:6      | HP: 5/105 [brevous's ghost/vampiric draining (10)]
  3942 | D:6      | HP: 3/105 [poisoned by brevous's ghost]
  3942 | D:6      | Killed from afar by brevous's ghost

Vault maps used:
D:1:      dpeg_arrival_arbitrary_a
D:2:      grunt_temple_overflow_gold_and_silver, serial_curves, eino_curves_01,
          eino_curves_02
D:3:      overflow_temple_1_default, hangedman_abyss_or_decor_stabs
D:4:      makhleb_blood_cavern_becter, first_ration
D:5:      chequers_temple_overflow_statue_of_worship, moated_statue, uniq_ijyb
D:6:      cheibrodos_thug_alley, gammafunk_temple_overflow_forgotten,
          temple_pool_b, lemuel_flame_loot_1, uniq_crazy_yiuf_cottage

Skill      XL: |  1  2  3  4  5  6  7  8 |
---------------+-------------------------+-----
Axes           | 4 5 6 7 8 |  8.0
Fighting       | 4 5 6 |  6.1
Armour         | 3 4 5 |  5.6
Dodging        | 3 4 |  4.9

Action                   |  1- 3 |  4- 6 |  7- 9 || total
-------------------------+-------+-------+-------++-------
Melee: Hand axe          |    34 |   143 |    94 ||   271
       Headbutt          |     5 |    26 |    23 ||    54
       Mace              |       |       |    20 ||    20
Invok: Berserk           |     1 |     1 |     2 ||     4
  Use: Scroll            |       |       |     8 ||     8
  Eat: Chunk             |       |     7 |     2 ||     9
       Ration            |       |     1 |       ||     1
Armor: Ring mail         |    10 |    60 |    41 ||   111
       Animal skin       |     3 |       |       ||     3
Dodge: Dodged            |    28 |    99 |    74 ||   201

Table legend:
 A = Spawn XP
 B = Non-spawn XP
 C = Spawn XP percentage of total XP
 D = Spawn monster count
 E = Non-spawn monster count
 F = Spawn count percentage of total count
 G = Total turns spent on level
                    A         B        C        D         E        F      G
               +---------+---------+-------+---------+---------+-------+---------
         Total |       0 |    1496 |   0.0 |       0 |     112 |   0.0 |  3942
               +---------+---------+-------+---------+---------+-------+---------
           D:1 |       0 |      21 |   0.0 |       0 |      12 |   0.0 |  1000
           D:2 |       0 |     119 |   0.0 |       0 |      20 |   0.0 |   412
           D:3 |       0 |     202 |   0.0 |       0 |      29 |   0.0 |   863
           D:4 |       0 |     418 |   0.0 |       0 |      19 |   0.0 |   961
           D:5 |       0 |     506 |   0.0 |       0 |      26 |   0.0 |   634
           D:6 |       0 |     230 |   0.0 |       0 |       6 |   0.0 |    72
               +---------+---------+-------+---------+---------+-------+---------
